 Dungeon Crawl Stone Soup version 0.19.0-22-gd96e5fe (webtiles) character file.

85674 vev the Severer (level 15, -1/141 HPs)
             Began as a Minotaur Gladiator on Nov 19, 2016.
             Was a High Priest of Makhleb.
             Slain by an Executioner (10 damage)
             ... summoned by the player character
             ... on level 3 of the Snake Pit.
             The game lasted 00:33:45 (19296 turns).

vev the Severer (Minotaur Gladiator)               Turns: 19296, Time: 00:33:46

Health: -1/141     AC: 24    Str: 27    XL:     15   Next: 1%
Magic:  21/21      EV: 17    Int:  9    God:    Makhleb [*****.]
Gold:   1262       SH:  0    Dex: 17    Spells: 0 memorised, 14 levels left

rFire  + + .     SeeInvis .     a - +4 executioner's axe (freeze)
rCold  + . .     Gourm    .     A - +1 chain mail {rN+}
rNeg   + . .     Faith    .     (shield currently unavailable)
rPois  +         Spirit   .     (helmet unavailable)
rElec  +         Reflect  .     e - +2 cloak {MR+}
rCorr  .         Harm     .     (no gloves)
MR     +++..     Rnd*Rage +     R - +1 pair of boots
Stlth  ..........               h - amulet of Hospitality {+Rage rElec rC+ Str+5}
                                N - +3 ring of protection
                                v - ring of Ycethaeng {*Drain +Inv rF++ Str+2 Int+4}

@: no status effects
A: retaliatory headbutt, horns 3, talons 1, rugged brown scales 2, berserk 1,
blurry vision 2, magic resistance 1, sense surroundings 1, poison resistance
a: Minor Destruction, Lesser Servant of Makhleb, Major Destruction, Greater
Servant of Makhleb, Renounce Religion, Evoke Berserk Rage, Evoke Invisibility
}: 1/15 runes: decaying


You were on level 3 of the Snake Pit.
You worshipped Makhleb.
Makhleb was extremely pleased with you.
You were very hungry.

You visited 5 branches of the dungeon, and saw 25 of its levels.
You also visited: Sewer and Ice Cave.

You collected 1262 gold pieces.

Inventory:

Hand Weapons
 a - a +4 executioner's axe of freezing (weapon)
 b - a +0 hand axe of flaming
Missiles
 d - 6 throwing nets (quivered)
 Q - 11 javelins of penetration
Armour
 e - a +2 cloak of magic resistance (worn)
 A - a +1 chain mail of positive energy (worn)
 R - a +1 pair of boots (worn)
Jewellery
 h - the amulet of Hospitality (around neck) {+Rage rElec rC+ Str+5}
   (You found it on level 5 of the Lair of Beasts)

   [amulet of rage]

   It affects your strength (+5).
   It protects you from cold.
   It insulates you from electricity.
   It lets you go berserk.
 v - the ring of Ycethaeng (left hand) {*Drain +Inv rF++ Str+2 Int+4}
   (You found it on level 5 of the Lair of Beasts)

   [ring of intelligence]

   It affects your strength (+2).
   It affects your intelligence (+4).
   It greatly protects you from fire.
   It lets you turn invisible.
   It causes draining when unequipped.
 J - an uncursed ring of see invisible
 N - a +3 ring of protection (right hand)
 U - an uncursed ring of protection from cold
 V - an uncursed amulet of regeneration
Wands
 c - a wand of lightning (7/15)
 n - a wand of teleportation (5/9)
 x - a wand of polymorph (4/24)
 H - a wand of acid (8/15)
 W - a wand of disintegration (11/24)
Scrolls
 g - 3 scrolls of blinking
 i - 13 scrolls of identify
 k - 6 scrolls of teleportation
 m - 5 scrolls of fog
 p - a scroll of magic mapping
 q - 9 scrolls of remove curse
 u - 6 scrolls of recharging
 y - a scroll of enchant armour
 B - a scroll of noise {unknown}
 C - a scroll of amnesia
 D - 3 scrolls of immolation
 Y - a scroll of fear
Potions
 j - a potion of cancellation
 l - 3 potions of heal wounds
 o - 5 potions of might
 r - 5 potions of curing
 s - a potion of cure mutation
 t - 5 potions of haste
 w - a potion of invisibility
 F - 2 potions of ambrosia
 G - a potion of berserk rage
 I - a potion of mutation
 M - 3 potions of flight
 T - a potion of brilliance
Miscellaneous
 O - a phantom mirror
Comestibles
 f - 18 bread rations
 z - 6 meat rations
 K - 26 fruits


   Skills:
 + Level 13.1 Fighting
 * Level 17.3 Axes
 - Level 2.0 Throwing
 + Level 12.8 Armour
 + Level 12.5 Dodging
 + Level 10.5 Invocations
 + Level 4.7 Evocations


You had 14 spell levels left.
You didn't know any spells.

Dungeon Overview and Level Annotations

Branches:
Dungeon (11/15)            Temple (1/1) D:4            Lair (6/6) D:11
  Swamp (4/4) Lair:4        Snake (3/4) Lair:4        Slime (0/5) Lair:5
    Orc (0/2) D:10

Altars:
Ashenzari
Cheibriados
Dithmenos
Elyvilon
Fedhas
Gozag
Hepliaklqana
Kikubaaqudgha
Makhleb
Nemelex Xobeh
Okawaru
Qazlal
Ru
Sif Muna
Trog
Uskayaw
Vehumet
Xom
Yredelemnul
Zin
The Shining One
Beogh

Annotations:
D:8 1 runed door


Innate Abilities, Weirdness & Mutations

You reflexively headbutt those who attack you in melee.
You have a pair of large horns on your head.
You have sharp toenails.
You are mostly covered in rugged brown scales. (AC +2, +5% HP)
You tend to lose your temper in combat.
Scrolls take you longer to read.
You are resistant to hostile enchantments. (MR+)
You passively map a small area around you.
Your system is resistant to poisons. (rPois)


Message History

Here: an Executioner (summoned)
The floor.
Really read with blurry vision while enemies are nearby?
The Executioner gestures.
The Executioner seems to speed up.
The nagaraja hits you from afar with a halberd!
* * * LOW HITPOINT WARNING * * *
The Executioner misses you.
The Executioner hits you but does no damage.
The Executioner misses you. The Executioner barely misses you.
You furiously retaliate!
You headbutt the Executioner, but do no damage.
The Executioner hits you but does no damage.
The Executioner hits you.
* * * LOW HITPOINT WARNING * * *
You begin reading the scroll.
You continue reading the scroll.
The Executioner hits you but does no damage. x3
The guardian serpent gestures with its tail.
The nagaraja blinks!
The Executioner hits you!
You die...

### #..#
#########.########.##
##...##.........##...##,
##.....##)[.....##.....#
##...#...''.....##)..#...+ ,
###...#...##..#..##...#...##,
, ........§##..#..''.......##
, .##.....##....S11##.....##
..##...##.....§.@N##...##,
#############)#######.##* .(#
, , .... ,...., , #...# *
......,, .#.. ** * ####
,....... ,.##.., * ....... ,
, , ## ....... * ....... , ,
* * , *


You could see a nagaraja, 2 Executioners and a guardian serpent.

Vanquished Creatures
  3 nagarajas
  The ghost of olma the Basher, a journeyman HuBe of Trog (Lair:4)
  A fire dragon (Swamp:4)
  Harold (Lair:3)
  3 catoblepae (Lair:6)
  14 hydras
  A naga warrior (Snake:2)
  An anaconda (Snake:1)
  The ghost of joejoepie the Archer, a novice MiHu of Dithmenos (Lair:1)
  7 death yaks (Lair:6)
  2 naga sharpshooters (Snake:2)
  A fire crab (Swamp:4)
  An unseen horror (D:10)
  4 swamp dragons (Swamp:4)
  2 shambling mangroves
  A lindwurm (Swamp:4)
  A hill giant (D:10)
  2 oklob plants (Lair:5)
  3 salamanders (Snake:2)
  3 ugly things
  8 elephants
  5 black mambas
  A guardian serpent (Snake:3)
  Psyche (D:8)
  A torpor snail (Lair:4)
  2 naga magi
  A molten gargoyle (Swamp:4)
  3 ice statues (IceCv)
  7 spiny frogs
  5 komodo dragons
  A rime drake (Lair:3)
  2 ice devils (Lair:1)
  A polar bear (Lair:6)
  A hornet (D:11)
  A two-headed ogre (D:10)
  A raiju (shapeshifter) (D:11)
  A bog body (Swamp:1)
  8 hippogriffs
  3 slime creatures
  3 dream sheep (Lair:4)
  A shadow (D:11)
  43 yaks
  A fire elemental (Swamp:4)
  2 basilisks
  4 vampire mosquitoes (Lair:4)
  A hungry ghost (D:11)
  10 swamp worms
  5 mottled dragons (Swamp:4)
  6 nagas
  9 water moccasins
  Purgy (Sewer)
  7 porcupines
  5 swamp drakes
  8 ice beasts
  8 orc warriors
  4 sky beasts
  2 black bears
  2 phantoms
  2 eyes of draining
  A necrophage (D:9)
  4 wolves (Lair:1)
  3 ogres
  4 centaurs
  7 crocodiles
  3 big kobolds
  9 bullfrogs
  A wyvern zombie (D:8)
  A scorpion (D:11)
  9 killer bees (D:9)
  8 wights
  3 electric eels
  3 bullfrog zombies
  5 crimson imps
  A centaur zombie (D:8)
  3 hounds
  A lava snake (Swamp:4)
  3 quasits
  7 jellies
  11 orc priests
  A bullfrog skeleton (D:9)
  3 iguanas
  15 orc wizards
  10 worker ants
  A killer bee zombie (D:9)
  A hound zombie (D:8)
  2 hound skeletons
  A howler monkey zombie (D:10)
  13 adders
  4 gnolls (D:4)
  A shadow imp (D:11)
  15 oozes
  2 adder skeletons (D:8)
  An adder zombie (D:5)
  2 worms (D:2)
  A dart slug (D:1)
  5 leopard geckos
  55 orcs
  3 ball pythons
  5 bats
  9 giant cockroaches
  4 goblins
  4 hobgoblins
  10 jackals
  31 kobolds
  3 quokkas
  5 frilled lizards
  A jackal skeleton (D:4)
  A quokka skeleton (D:8)
  9 rats
  6 fungi
  6 plants
547 creatures vanquished.

Vanquished Creatures (collateral kills)
  2 fire dragons (Swamp:4)
  The ghost of Vajrapani the Grappler, a journeyman DrTm of Nemelex Xobeh (D:11)
  A naga warrior (Snake:3)
  A hydra (Lair:2)
  A ghost crab (Swamp:4)
  A death yak (Lair:6)
  Urug (D:11)
  A fire crab (Swamp:4)
  A spriggan druid (Swamp:4)
  A slime creature (Swamp:4)
  A tyrant leech (Swamp:4)
  6 yaks
  A steam dragon (Swamp:4)
  A swamp worm (Swamp:4)
  A naga (Lair:4)
  A water moccasin (Lair:3)
  A centaur (D:11)
  An orc wizard (D:11)
  An orc (D:11)
  A fungus (Lair:3)
26 creatures vanquished.

Vanquished Creatures (others)
  2 alligators (Swamp:4)
  A swamp dragon (Swamp:4)
  A steam dragon (Swamp:4)
  A mottled dragon (Swamp:4)
  4 swamp drakes (Swamp:4)
  A bush (Lair:6)
  10 fungi
  2 plants
22 creatures vanquished.

Grand Total: 595 creatures vanquished

Notes
Turn   | Place    | Note
-------+----------+-------------------------------------------
     0 | D:1      | vev the Minotaur Gladiator began the quest for the Orb.
     0 | D:1      | Reached XP level 1. HP: 18/18 MP: 0/0
   207 | D:1      | Reached skill level 4 in Axes
   210 | D:1      | Reached XP level 2. HP: 25/25 MP: 1/1
   754 | D:2      | Reached skill level 3 in Fighting
  1212 | D:2      | Found a faded altar of an unknown god.
  1212 | D:2      | Found a faded altar of an unknown god.
  1217 | D:2      | Found a faded altar of an unknown god.
  1219 | D:2      | Found a faded altar of an unknown god.
  1221 | D:2      | Found a white marble altar of Elyvilon.
  1223 | D:2      | Reached skill level 1 in Armour
  1223 | D:2      | Reached XP level 3. HP: 31/31 MP: 2/2
  1445 | D:2      | Reached XP level 4. HP: 38/38 MP: 3/3
  1606 | D:2      | Reached skill level 2 in Armour
  2013 | D:3      | Found a sparkling altar of Nemelex Xobeh.
  2102 | D:3      | Reached skill level 5 in Axes
  2338 | D:3      | Found a radiant altar of Vehumet.
  2338 | D:3      | Found a blossoming altar of Fedhas.
  2450 | D:4      | Found a glowing drain.
  2460 | D:4      | Reached XP level 5. HP: 44/45 MP: 4/4
  2469 | Sewer    | Entered a sewer
  2475 | Sewer    | Noticed Purgy
  2490 | Sewer    | Killed Purgy
  2490 | Sewer    | Reached skill level 4 in Dodging
  2762 | D:4      | Reached skill level 3 in Armour
  2771 | D:4      | Reached XP level 6. HP: 35/52 MP: 5/5
  2775 | D:4      | Reached skill level 4 in Fighting
  3032 | D:4      | Found a staircase to the Ecumenical Temple.
  3049 | D:4      | Reached skill level 6 in Axes
  3078 | Temple   | Entered the Ecumenical Temple
  3247 | Temple   | Became a worshipper of Makhleb the Destroyer
  3783 | D:5      | Entered Level 5 of the Dungeon
  3867 | D:6      | Reached skill level 1 in Invocations
  4058 | D:6      | Noticed a slime creature
  4071 | D:6      | Killed a slime creature
  4071 | D:6      | Reached skill level 4 in Armour
  4071 | D:6      | Reached skill level 5 in Dodging
  4071 | D:6      | Reached XP level 7. HP: 33/60 MP: 5/7
  4089 | D:6      | HP: 5/60 [acid (9)]
  4095 | D:6      | Reached skill level 7 in Axes
  4271 | D:6      | Reached skill level 5 in Fighting
  4271 | D:6      | Reached skill level 2 in Invocations
  4562 | D:6      | Reached * piety under Makhleb
  4616 | D:6      | Reached XP level 8. HP: 45/68 MP: 8/8
  4620 | D:6      | Gained mutation: You are resistant to hostile enchantments. (MR+) [mutagenic meat]
  4621 | D:6      | Gained mutation: You are weak. (Str -2) [mutagenic meat]
  4622 | D:6      | Gained mutation: You are partially covered in rugged brown scales. (AC +1, +3% HP) [mutagenic meat]
  4623 | D:6      | Lost mutation: You are weak. (Str -2) [mutagenic meat]
  4956 | D:6      | Reached skill level 5 in Armour
  5208 | D:5      | Reached skill level 8 in Axes
  5208 | D:5      | Reached skill level 3 in Invocations
  5234 | D:5      | Reached skill level 6 in Dodging
  5465 | D:5      | Reached skill level 6 in Fighting
  5474 | D:5      | Reached ** piety under Makhleb
  5709 | D:5      | Reached skill level 9 in Axes
  5859 | D:5      | Reached XP level 9. HP: 50/77 MP: 10/10
  5870 | D:5      | Reached skill level 6 in Armour
  5878 | D:5      | Gained mutation: You are mostly covered in rugged brown scales. (AC +2, +5% HP) [mutagenic meat]
  6615 | D:7      | Found an iron altar of Okawaru.
  7125 | D:7      | Reached skill level 4 in Invocations
  7865 | D:8      | Noticed Psyche
  7875 | D:8      | Killed Psyche
  7916 | D:8      | Reached *** piety under Makhleb
  7920 | D:8      | Reached skill level 7 in Fighting
  8020 | D:8      | Reached skill level 7 in Dodging
  8076 | D:8      | Reached skill level 10 in Axes
  8185 | D:8      | Reached skill level 7 in Armour
  8504 | D:8      | Found a runed door.
  8509 | D:8      | Gained mutation: You tend to lose your temper in combat. [mutagenic meat]
  8510 | D:8      | Gained mutation: Scrolls take you a little longer to read. [mutagenic meat]
  8512 | D:8      | Gained mutation: Your system is resistant to poisons. (rPois) [mutagenic meat]
  8532 | D:8      | Noticed a sixfirhy
  8852 | D:9      | Reached skill level 5 in Invocations
  8852 | D:9      | Reached XP level 10. HP: 92/92 MP: 12/12
  9108 | D:9      | Reached skill level 8 in Fighting
  9109 | D:9      | Reached skill level 11 in Axes
  9470 | D:9      | Reached **** piety under Makhleb
  9622 | D:9      | Identified a scroll of acquirement
  9636 | D:9      | Found a sacrificial altar of Ru.
  9681 | D:9      | Reached skill level 8 in Dodging
  9800 | D:10     | Entered Level 10 of the Dungeon
  9819 | D:10     | Found a staircase to the Orcish Mines.
 10073 | D:10     | Killed an unseen horror
 10073 | D:10     | Reached skill level 8 in Armour
 10077 | D:10     | Noticed a hill giant
 10083 | D:10     | Killed a hill giant
 10083 | D:10     | Reached skill level 12 in Axes
 10083 | D:10     | Reached skill level 6 in Invocations
 10189 | D:10     | Reached ***** piety under Makhleb
 10195 | D:10     | Reached XP level 11. HP: 99/99 MP: 14/14
 10250 | D:10     | Found a roughly hewn altar of Beogh.
 10553 | D:11     | Found a stormy altar of Qazlal.
 10553 | D:11     | Noticed Urug
 10559 | D:11     | Killed Urug
 10771 | D:11     | Reached skill level 9 in Fighting
 10818 | D:11     | Noticed Vajrapani's ghost (journeyman DrTm)
 10837 | D:11     | Killed Vajrapani's ghost
 10967 | D:11     | Gained mutation: Your muscles are strong. (Str +2) [mutagenic meat]
 10968 | D:11     | Gained mutation: You are robust. (+10% HP) [mutagenic meat]
 11136 | D:11     | Reached skill level 9 in Dodging
 11189 | D:11     | Found a staircase to the Lair.
 11254 | D:11     | Reached skill level 9 in Armour
 11477 | D:11     | Noticed a green ugly thing
 11485 | D:11     | Killed a green ugly thing
 11632 | Lair:1   | Entered Level 1 of the Lair of Beasts
 11714 | Lair:1   | Found a frozen archway.
 11734 | IceCv    | Entered an ice cave
 11747 | IceCv    | Reached skill level 13 in Axes
 11768 | IceCv    | Noticed a white ugly thing
 11780 | IceCv    | Killed a white ugly thing
 12066 | IceCv    | Reached skill level 7 in Invocations
 12067 | IceCv    | Noticed a white ugly thing
 12097 | IceCv    | Killed a white ugly thing
 12112 | IceCv    | Gained mutation: You have a pair of large horns on your head. [mutagenic meat]
 12113 | IceCv    | Gained mutation: You passively map a small area around you. [mutagenic meat]
 12502 | Lair:1   | Reached skill level 10 in Fighting
 12502 | Lair:1   | Reached XP level 12. HP: 121/121 MP: 16/16
 12538 | Lair:1   | Noticed joejoepie's ghost (novice MiHu)
 12625 | Lair:1   | Killed joejoepie's ghost
 12771 | Lair:2   | Reached skill level 10 in Armour
 12776 | Lair:2   | Noticed a five-headed hydra
 12784 | Lair:2   | Killed a three-headed hydra
 12784 | Lair:2   | Reached skill level 10 in Dodging
 12916 | Lair:2   | Noticed a seven-headed hydra
 12926 | Lair:2   | Killed a two-headed hydra
 12926 | Lair:2   | Reached skill level 14 in Axes
 13394 | Lair:3   | Noticed Harold
 13413 | Lair:3   | Killed Harold
 13530 | Lair:3   | Reached skill level 8 in Invocations
 14097 | Lair:4   | Noticed an eight-headed hydra
 14110 | Lair:4   | Killed a three-headed hydra
 14289 | Lair:4   | Reached skill level 11 in Fighting
 14381 | Lair:4   | Noticed olma's ghost (journeyman HuBe)
 14394 | Lair:4   | Killed olma's ghost
 14404 | Lair:4   | Found a staircase to the Snake Pit.
 14420 | Lair:4   | Noticed a five-headed hydra
 14430 | Lair:4   | Killed a one-headed hydra
 14430 | Lair:4   | Reached skill level 15 in Axes
 14430 | Lair:4   | Reached XP level 13. HP: 114/133 MP: 18/18
 14505 | Lair:4   | Reached skill level 11 in Armour
 14628 | Lair:4   | Reached skill level 11 in Dodging
 14633 | Lair:4   | Found a staircase to the Swamp.
 15075 | Lair:5   | Found a staircase to the Slime Pits.
 15382 | Lair:5   | Got a shimmering ruby amulet
 15448 | Lair:5   | Got a flickering steel ring
 15802 | Lair:5   | Reached skill level 9 in Invocations
 15837 | Lair:5   | Reached ****** piety under Makhleb
 15867 | Lair:6   | Entered Level 6 of the Lair of Beasts
 15927 | Lair:6   | Identified the amulet of Hospitality {+Rage rElec rC+ Str+5} (You found it on level 5 of the Lair of Beasts)
 15929 | Lair:6   | Identified the ring of Ycethaeng {*Drain +Inv rF++ Str+2 Int+4} (You found it on level 5 of the Lair of Beasts)
 16071 | Lair:6   | Reached skill level 1 in Evocations
 16442 | Lair:6   | Reached skill level 16 in Axes
 16448 | Lair:6   | Reached skill level 12 in Fighting
 16448 | Lair:6   | Reached skill level 2 in Evocations
 16751 | Lair:6   | Reached XP level 14. HP: 144/144 MP: 20/20
 16780 | Lair:6   | Reached skill level 12 in Armour
 17250 | Swamp:1  | Entered Level 1 of the Swamp
 17333 | Swamp:4  | Entered Level 4 of the Swamp
 17377 | Swamp:4  | Gained mutation: You have sharp toenails. [potion of mutation]
 17378 | Swamp:4  | Lost mutation: Your muscles are strong. (Str +2) [potion of mutation]
 17378 | Swamp:4  | Gained mutation: Scrolls take you longer to read. [potion of mutation]
 17379 | Swamp:4  | Lost mutation: You are robust. (+10% HP) [potion of mutation]
 17553 | Swamp:4  | Reached skill level 3 in Evocations
 17882 | Swamp:4  | Reached skill level 12 in Dodging
 17896 | Swamp:4  | Reached skill level 10 in Invocations
 18146 | Swamp:4  | Reached skill level 4 in Evocations
 18222 | Swamp:4  | Got a decaying rune of Zot
 18270 | Swamp:4  | Reached skill level 17 in Axes
 18436 | Snake:1  | Entered Level 1 of the Snake Pit
 18514 | Snake:2  | Noticed a nagaraja
 18522 | Snake:2  | Killed a nagaraja
 18577 | Snake:2  | Identified the cursed +1 ring mail of the Dice {-Cast Int+4 SInv} (You found it on level 2 of the Snake Pit)
 18604 | Snake:2  | Reached skill level 13 in Fighting
 18840 | Snake:3  | Noticed a nagaraja
 18848 | Snake:3  | Killed a nagaraja
 19282 | Snake:3  | Noticed a nagaraja
 19290 | Snake:3  | Killed a nagaraja
 19290 | Snake:3  | Reached XP level 15. HP: 43/141 MP: 21/21
 19291 | Snake:3  | Noticed a nagaraja
 19293 | Snake:3  | Noticed an Executioner
 19294 | Snake:3  | Noticed an Executioner
 19295 | Snake:3  | HP: 11/141 [nagaraja/halberd (11)]
 19296 | Snake:3  | Slain by an Executioner

Skill      XL: |  1  2  3  4  5  6  7  8  9 10 11 12 13 14 |
---------------+-------------------------------------------+-----
Axes           | 4 5 6 7 9 10 12 13 15 16 17 | 17.3
Fighting       | 3 4 5 6 7 8 10 11 12 13 | 13.1
Armour         | 1 2 3 4 5 7 8 9 10 11 12 | 12.8
Dodging        | 4 5 6 7 8 9 10 11 12 | 12.5
Invocations    | 1 2 3 5 6 7 8 9 10 | 10.5
Evocations     | 2 4 |  4.7
Throwing       | |  2.0

Action                   |  1- 3 |  4- 6 |  7- 9 | 10-12 | 13-15 || total
-------------------------+-------+-------+-------+-------+-------++-------
Melee: War axe           |    45 |   155 |    74 |       |       ||   274
       Headbutt          |     7 |    20 |    73 |   119 |   131 ||   350
       Battleaxe         |       |       |   234 |   344 |       ||   578
       Hand axe          |       |       |     7 |    27 |    89 ||   123
       Executioner's axe |       |       |       |   144 |   319 ||   463
Invok: Lesser Servant of |       |       |       |    10 |    10 ||    20
       Greater Servant o |       |       |       |       |     3 ||     3
 Abil: Evoke Berserk Rag |       |       |       |       |     1 ||     1
Evoke: Wand              |       |       |     2 |       |       ||     2
  Use: Potion            |       |     6 |     6 |     1 |     4 ||    17
       Scroll            |       |       |    13 |     8 |     7 ||    28
 Stab: Confused          |       |       |     1 |       |     1 ||     2
       Invisible         |       |       |     1 |       |       ||     1
       Distracted        |       |       |       |     1 |     4 ||     5
  Eat: Chunk             |     2 |     8 |    20 |    26 |     8 ||    64
       Meat ration       |       |       |     1 |       |     1 ||     2
       Fruit             |       |       |     1 |       |       ||     1
       Pizza             |       |       |       |     2 |       ||     2
       Beef jerky        |       |       |       |       |     2 ||     2
Armor: Scale mail        |    14 |       |       |       |       ||    14
       Plate armour      |       |   106 |   147 |       |       ||   253
       Skin              |       |    10 |       |       |       ||    10
       Chain mail        |       |       |    45 |   305 |   299 ||   649
Dodge: Dodged            |    28 |    63 |   140 |   341 |   437 ||  1009
